 Dungeon Crawl Stone Soup version 0.28-a0-1365-g7e0445c96d (webtiles) character file.

Game seed: 837653134285960824

42 Lekart the Skirmisher (level 3, -1/28 (33) HPs)
             Began as a Draconian Chaos Knight on Dec 31, 2021.
             Was a Plaything of Xom.
             Slain by a gnoll (5 damage)
             ... on level 3 of the Dungeon.
             The game lasted 00:02:04 (1728 turns).

Lekart the Skirmisher (Draconian Chaos Knight)      Turns: 1728, Time: 00:02:04

HP:   -1/28 (33)    AC:  5    Str: 14    XL:     3   Next: 35%
MP:   3/3           EV: 12    Int: 12    God:    Xom [.*....]
Gold: 95            SH:  0    Dex: 12    Spells: 2/2 levels left

rFire   . . .      SeeInvis .   a - +0 hand axe (chaos)
rCold   . . .      Faith    .   (no shield)
rNeg    . . .      Spirit   .   (armour unavailable)
rPois   .          Reflect  .   f - +0 hat
rElec   .          Harm     .   (no cloak)
rCorr   .          Rampage  .   (no gloves)
Will    .....                   (no boots)
Stlth   +.........              (no amulet)
HPRegen 0.09/turn               (no ring)
MPRegen 0.08/turn               (no ring)

@: heavily drained
A: AC +5, unfitting armour, cold-blooded
a: Renounce Religion


You were on level 3 of the Dungeon.
You worshipped Xom.
You were a plaything of Xom.
You visited 1 branch of the dungeon, and saw 3 of its levels.

You collected 95 gold pieces.

Inventory:

Hand Weapons
 a - a +0 hand axe of chaos (weapon)
Missiles
 b - 6 poisoned darts (quivered)
Armour
 f - a +0 hat (worn)
Scrolls
 e - a scroll of identify
 g - 3 scrolls of immolation {unknown}
 i - a scroll of noise {unknown}
 k - a scroll of teleportation {unknown}
Potions
 c - a potion of haste
 d - a potion of heal wounds
 h - 3 potions of curing {unknown}
 j - a potion of attraction {unknown}
 l - a potion of ambrosia {unknown}


   Skills:
 + Level 3.8 Fighting
 + Level 3.5 Axes
 + Level 1.2 Throwing
 + Level 2.2 Dodging
 + Level 0.1 Stealth


You had 2 spell levels left.
You didn't know any spells.
Your spell library was empty.

Dungeon Overview and Level Annotations

Branches:
Dungeon (3/15)

Altars:


Innate Abilities, Weirdness & Mutations

Your plain brown scales are hard. (AC +5)
You cannot fit into any form of body armour.
You are cold-blooded and may be slowed by cold attacks.


Message History

You kill the ball python!
You closely miss the hobgoblin. The hobgoblin hits you.
You slash the hobgoblin!
You kill the hobgoblin!
No target in view!
No target in view!
k - a scroll labelled POFEICKEI No target in view!
Found a stone staircase leading up.
Key pressed, stopping explore.
No target in view!
No target in view!
l - a lumpy coppery potion Xom's malign attention turns to you for a moment.
You feel drained.
No target in view!
Found a stone staircase leading down.
h - 3 blue potions (gained 1) No target in view!
A gnoll comes into view. It is wielding a +0 halberd.
The gnoll shouts!
You hear a shout!
You hear an angry hiss.
A gnoll comes into view. It is wielding a +0 spear.
The gnoll moves out of view.
A quokka comes into view.
An endoplasm comes into view.
The quokka moves out of view.
There are monsters nearby!
There are monsters nearby!
There are monsters nearby!
A gnoll comes into view. It is wielding a +0 halberd.
The gnoll shouts!
A ball python comes into view.
There are monsters nearby!
The gnoll hits you with a +0 halberd!
A giant cockroach comes into view.
The gnoll closely misses you.
You barely miss the gnoll. The gnoll hits you with a +0 halberd!
* * * LOW HITPOINT WARNING * * *
The gnoll hits you from afar with a +0 spear.
You die...
Xom guffaws!

#.# #......#
#.#######......###
#......##........
######.# #.....#
#.# #.....# #.#
##.## #.#
##...#### #.#
#.......# #.#
#....##@# #.#
#.#.#...gg# #.#
#.#.#.#g#J# #.#
#.#......B.. #.#
#.###.#.#.#S.
#.###.# ...> #.#
#.....# #.# ##
####### #..


You could see 3 gnolls, an endoplasm, a giant cockroach and a ball python
(wandering).

Vanquished Creatures
  3 ball pythons
  4 bats (D:1)
  2 endoplasms
  A giant cockroach (D:1)
  6 goblins
  4 hobgoblins
  7 jackals
  5 kobolds
  3 frilled lizards
  2 rats
37 creatures vanquished.

Vanquished Creatures (others)
  3 fungi (D:1)
3 creatures vanquished.

Grand Total: 40 creatures vanquished

Notes
Turn   | Place    | Note
-------+----------+-------------------------------------------
     0 | D:1      | Lekart the Draconian Chaos Knight began the quest for the
                  | Orb.
     0 | D:1      | Reached XP level 1. HP: 19/19 MP: 1/1
    43 | D:1      | Found a faded altar of an unknown god.
   108 | D:1      | Reached XP level 2. HP: 24/26 MP: 2/2
   300 | D:1      | XOM: god gift: 15 sling bullets
   497 | D:1      | XOM: summons 2 hostile demons
   572 | D:2      | XOM: 4-stop teleportation journey
   581 | D:2      | XOM: smoke on damage
   659 | D:2      | Reached XP level 3. HP: 30/33 MP: 3/3
   971 | D:2      | XOM is BORED!
  1132 | D:2      | Reached skill level 1 in Throwing
  1703 | D:3      | XOM: draining
  1728 | D:3      | Slain by a gnoll

Illustrated notes

Levels and vault maps discovered:
D:1:      lightli_arrival_flooded_house, layout_rooms,
          shapermc_ecumenical_altar_gd
D:2:      layout_loops_corners
D:3:      layout_loops_ring, nicolae_overflow_hidden_temple, minmay_crystal_room

Skill      XL: |  1  2  3 |
---------------+----------+-----
Throwing       | 1 |  1.2
Fighting       | |  3.8
Axes           | |  3.5
Dodging        | |  2.2
Stealth        | |  0.1

Action                   || total
-------------------------++-------
Melee: Hand axe          ||    66
       Tailslap          ||     9
Throw: Dart              ||    50
  Use: Scroll            ||     1
       Potion            ||     1
 Stab: Sleeping          ||     1
Armor: Skin              ||    22
Dodge: Dodged            ||    52

Table legend: (Time is in decaauts)
 A = Elapsed time spent in this place.
 B = Non-inter-level travel time spent in this place.
 C = Inter-level travel time spent in this place.
 D = Time resting spent in this place.
 E = Time spent auto-exploring this place.
 F = Levels seen in this place.
 G = Mean time per level.
                   A        B        C        D        E       F      G
               +--------+--------+--------+--------+--------+-----+--------+
         Total |   1735 |   1729 |      6 |     57 |   1411 |   3 |  578.3 |
       Dungeon |   1735 |   1729 |      6 |     57 |   1411 |   3 |  578.3 |
               +--------+--------+--------+--------+--------+-----+--------+

Top non-repeatable levels by time:
     D:2: 969 daAuts
     D:1: 517 daAuts
     D:3: 247 daAuts
